 Dungeon Crawl Stone Soup version 0.21-a0-213-gae198ad (webtiles) character file.

51 Nvm9 the Covered (level 3, 0/29 HPs)
             Began as a Demonspawn Fighter on Aug 22, 2017.
             Slain by Natasha (7 damage)
             ... on level 2 of the Dungeon.
             The game lasted 00:03:05 (1168 turns).

Nvm9 the Covered (Demonspawn Fighter)               Turns: 1168, Time: 00:03:06

Health: 0/29       AC: 14    Str: 17    XL:     3   Next: 58%
Magic:  3/3        EV:  4    Int:  9    God:
Gold:   143        SH:  9    Dex: 12    Spells: 2/2 levels left

rFire    . . .     SeeInvis .   a - +0 war axe
rCold    + . .     Gourm    .   c - +0 shield
rNeg     . . .     Faith    .   n - +0 plate armour
rPois    .         Spirit   .   (no helmet)
rElec    .         Reflect  .   (no cloak)
rCorr    .         Harm     .   (no gloves)
MR       .....                  k - +2 pair of boots
Stlth    ..........             (no amulet)
HPRegen  0.09/turn              (no ring)
MPRegen  0.08/turn              (no ring)

@: no status effects
A: repulsion field 1, cold resistance 1
a: no special abilities


You were on level 2 of the Dungeon.
You were hungry.

You visited 1 branch of the dungeon, and saw 2 of its levels.

You collected 143 gold pieces.

Inventory:

Hand Weapons
 a - a +0 war axe (weapon)
Armour
 c - a +0 shield (worn)
 k - a +2 pair of boots (worn)
 n - a +0 plate armour (worn)
Scrolls
 b - a scroll of immolation {unknown}
 e - a scroll of teleportation {unknown}
 g - a scroll of fog {unknown}
 h - a scroll of fear {unknown}
 i - a scroll of magic mapping {unknown}
 j - a scroll of recharging {unknown}
 l - 2 scrolls of identify {unknown}
Potions
 d - a potion of might
 m - a potion of invisibility {unknown}
Comestibles
 f - 2 bread rations


   Skills:
 + Level 3.2 Fighting
 + Level 2.2 Axes
 * Level 3.5 Armour
 + Level 3.0 Shields


You had 2 spell levels left.
You didn't know any spells.

Dungeon Overview and Level Annotations

Branches:
Dungeon (2/15)

Altars:

Annotations:
D:2 Natasha


Innate Abilities, Weirdness & Mutations

You are surrounded by a mild repulsion field. (EV +2)
Your flesh is cold resistant. (rC+)


Message History

You are too injured to fight recklessly!
You are too injured to fight recklessly!
You are too injured to fight recklessly!
You are too injured to fight recklessly!
You are too injured to fight recklessly!
You are too injured to fight recklessly!
You are too injured to fight recklessly!
You are too injured to fight recklessly!
You are too injured to fight recklessly!
You are too injured to fight recklessly!
You are too injured to fight recklessly!
You are too injured to fight recklessly!
You hit Natasha but do no damage.
Natasha is heavily wounded.
You closely miss the crimson imp. Natasha claws you but does no damage.
The crimson imp hits you but does no damage.
You barely miss Natasha.
Natasha is heavily wounded.
You hit the crimson imp. Natasha claws you!
You die...

#%# ##+## #.# ##...##
###.# ##.<...## ##.#.#
##.......#
#######....###.........
.............'........)
#.$....###........(
#.5..### ##.......#
##@### ##.....## #h#
##...## #.# >....#
#.#### ####..#
.......######..#
#.###....<.....#
#..........#...###
#####..###........ #
#.#...###


You could see Natasha and a crimson imp.

Vanquished Creatures
  Natasha (D:2)
  An ooze (D:1)
  A leopard gecko (D:1)
  2 giant cockroaches
  3 goblins
  A hobgoblin (D:1)
  5 kobolds
  2 bats (D:2)
  2 frilled lizards
  2 rats
20 creatures vanquished.

Notes
Turn   | Place    | Note
-------+----------+-------------------------------------------
     0 | D:1      | Nvm9 the Demonspawn Fighter began the quest for the Orb.
     0 | D:1      | Reached XP level 1. HP: 18/18 MP: 1/1
     2 | D:1      | Noticed a tengu
     2 | D:1      | Noticed a human
     4 | D:1      | Noticed a draconian
     6 | D:1      | Noticed a gargoyle
     6 | D:1      | Noticed a centaur
     8 | D:1      | Noticed a formicid
     8 | D:1      | Noticed a vampire
    10 | D:1      | Noticed a demonspawn
    10 | D:1      | Noticed a merfolk
    12 | D:1      | Noticed a vine stalker
    12 | D:1      | Noticed an ogre
    14 | D:1      | Noticed a troll
    16 | D:1      | Noticed a naga
    16 | D:1      | Noticed a minotaur
    18 | D:1      | Noticed a halfling
    18 | D:1      | Noticed an elf
    20 | D:1      | Noticed a dwarf
    20 | D:1      | Noticed an octopode
    22 | D:1      | Noticed a spriggan
    24 | D:1      | Noticed a felid
    24 | D:1      | Noticed a ghoul
    26 | D:1      | Noticed a demigod
   478 | D:1      | Gained mutation: You are surrounded by a mild repulsion field. (EV +2) [demonic ancestry]
   478 | D:1      | Reached XP level 2. HP: 24/24 MP: 2/2
   856 | D:2      | Noticed Natasha
   864 | D:2      | Killed Natasha
   864 | D:2      | Gained mutation: Your flesh is cold resistant. (rC+) [demonic ancestry]
   864 | D:2      | Reached XP level 3. HP: 10/29 MP: 3/3
  1161 | D:2      | Noticed Natasha
  1168 | D:2      | Slain by Natasha

Vault maps used:
D:1:      kb_arrival_jail
D:2:      old_standard_altar, zin_purify, fedhas_altar_3, uniq_sigmund,
          uniq_robin, uniq_natasha

Skill      XL: |  1  2 |
---------------+-------+-----
Axes           | 2 |  2.2
Armour         | 3 |  3.5
Shields        | 3 |  3.0
Fighting       | |  3.2

Action                   || total
-------------------------++-------
Melee: War axe           ||    77
Armor: Scale mail        ||    17
       Plate armour      ||    29
Dodge: Dodged            ||    19
Block: Shield            ||    38

Table legend:
 A = Spawn XP
 B = Non-spawn XP
 C = Spawn XP percentage of total XP
 D = Spawn monster count
 E = Non-spawn monster count
 F = Spawn count percentage of total count
 G = Total turns spent on level
                    A         B        C        D         E        F      G
               +---------+---------+-------+---------+---------+-------+---------
         Total |       4 |      70 |   5.4 |       2 |      18 |  10.0 |  1168
               +---------+---------+-------+---------+---------+-------+---------
           D:1 |       4 |      20 |  16.7 |       2 |       8 |  20.0 |   644
           D:2 |       0 |      50 |   0.0 |       0 |      10 |   0.0 |   524
               +---------+---------+-------+---------+---------+-------+---------
